 Dungeon Crawl Stone Soup version 0.24-a0-184-gcb5ae2c (webtiles) character file.

Game seed: 8461392125003340088

132 Dfrag the Firebug (level 4, -1/30 HPs)
             Began as a Demonspawn Fire Elementalist on Mar 15, 2019.
             Slain by a gnoll
             ... wielding a +0 spear
              (8 damage)
             ... on level 3 of the Dungeon.
             The game lasted 00:03:42 (2063 turns).

Dfrag the Firebug (Demonspawn Fire Elementalist)    Turns: 2063, Time: 00:03:42

Health: -1/30      AC:  2    Str:  8    XL:     4   Next: 92%
Magic:  0/8        EV: 16    Int: 17    God:
Gold:   168        SH:  4    Dex: 14    Spells: 1/9 levels left

rFire    + . .     SeeInvis .   e - +0 dagger
rCold    x . .     Gourm    .   (no shield)
rNeg     . . .     Faith    .   a - +0 robe
rPois    .         Spirit   .   (helmet restricted)
rElec    .         Reflect  .   (no cloak)
rCorr    .         Harm     .   (no gloves)
MR       .....                  (no boots)
Stlth    ++........             (no amulet)
HPRegen  0.10/turn              d - ring of fire
MPRegen  0.11/turn              g - +4 ring of evasion

@: no status effects
A: horns 1, large bone plates 1
a: no special abilities


You were on level 3 of the Dungeon.
You were not hungry.

You visited 1 branch of the dungeon, and saw 3 of its levels.

You collected 168 gold pieces.

Inventory:

Hand Weapons
 e - a +0 dagger (weapon)
Armour
 a - a +0 robe (worn)
Jewellery
 d - a ring of fire (left hand)
 g - a +4 ring of evasion (right hand)
 l - a +1 ring of protection
 q - an uncursed ring of flight {unknown}
Scrolls
 b - 2 scrolls of enchant weapon {unknown}
 f - a scroll of fear {unknown}
 i - 5 scrolls of enchant armour {unknown}
 m - a scroll of amnesia {unknown}
 n - a scroll of remove curse {unknown}
 p - 4 scrolls of identify {unknown}
 r - a scroll of teleportation {unknown}
Potions
 h - 3 potions of brilliance {unknown}
 j - a potion of invisibility {unknown}
 o - a potion of mutation {unknown}
Comestibles
 c - 8 rations
 k - 2 chunks of flesh


   Skills:
 - Level 1.7 Dodging
 - Level 1.7 Stealth
 + Level 3.1 Spellcasting
 + Level 2.8 Conjurations
 + Level 3.7 Fire Magic


You had one spell level left.
You knew the following spells:

 Your Spells              Type           Power        Failure   Level  Hunger
a - Flame Tongue          Conj/Fire      ###..        4%          1    None
b - Conjure Flame         Conj/Fire      ###.....     14%         3    ###....
c - Sticky Flame          Conj/Fire      ###.....     41%         4    ####...

Your spell library contained the following spells:

 Spells                   Type           Power        Failure   Level  Hunger
 Magic Dart               Conj           ##..         5%          1    None
 Throw Flame              Conj/Fire      ###...       7%          2    ##.....
 Searing Ray              Conj           ##....       9%          2    ##.....
 Inner Flame              Hex/Fire       ##......     24%         3    ###....
 Dazzling Spray           Conj/Hex       #.....       28%         3    ###....
 Iskenderun's Mystic Bla  Conj           ##......     47%         4    ####...
 Force Lance              Conj/Tloc      #.......     67%         4    ####...
 Fulminant Prism          Conj/Hex       #.........   67%         4    ####...
 Fireball                 Conj/Fire      ###.......   77%         5    ######.


Dungeon Overview and Level Annotations

Branches:
Dungeon (3/15)

Altars:


Innate Abilities, Weirdness & Mutations

You have a pair of small horns on your head.
You are partially covered in large bone plates. (SH +4)


Message History

Aiming: Flame Tongue (safe; 4% risk of failure)
Press: ? - help, Shift-Dir - straight line, f - gnoll
Aim: a gnoll, wielding a +0 spear You feel a surge of power!
The flame tongue misses the gnoll.
The gnoll closely misses you.
Unknown command.
You barely miss the gnoll. You headbutt the gnoll.
The gnoll is moderately wounded.
The gnoll hits you with a +0 spear!
The gnoll hits you from afar with a +0 spear.
* * * LOW HITPOINT WARNING * * *
Casting: Flame Tongue (safe; 4% risk of failure)
Confirm with . or Enter, or press ? or * to list all spells.
Aiming: Flame Tongue (safe; 4% risk of failure)
Press: ? - help, Shift-Dir - straight line, f/p - gnoll
Aim: a gnoll, wielding a +0 spear (moderately wounded)
You feel a surge of power!
The flame tongue hits the gnoll.
The gnoll is severely wounded.
The gnoll hits you from afar with a +0 spear!
You die...

.# #.# #.####
## ## #.# #.#
+#.# ##.###
##...#####....#
...⌠...)......#
##...#####....#
.'# ##g### #.#
#@# #.# #.# ...
.## ##


You could see a gnoll.

Vanquished Creatures
  2 gnolls (D:3)
  4 adders
  3 worms (D:2)
  4 dart slugs
  2 leopard geckos
  An orc (D:3)
  3 giant cockroaches
  4 goblins (D:1)
  5 hobgoblins
  2 jackals (D:1)
  8 kobolds
  3 quokkas (D:2)
  2 ball pythons (D:1)
  5 bats
  5 frilled lizards
  10 rats
63 creatures vanquished.

Notes
Turn   | Place    | Note
-------+----------+-------------------------------------------
     0 | D:1      | Dfrag the Demonspawn Fire Elementalist began the quest for
                  | the Orb.
     0 | D:1      | Reached XP level 1. HP: 13/13 MP: 3/3
   144 | D:1      | Gained mutation: You have a pair of small horns on your
                  | head. [demonic ancestry]
   144 | D:1      | Reached XP level 2. HP: 6/19 MP: 1/5
   718 | D:1      | Reached XP level 3. HP: 18/24 MP: 1/6
  1159 | D:2      | Gained mutation: You are partially covered in large bone
                  | plates. (SH +4) [demonic ancestry]
  1159 | D:2      | Reached XP level 4. HP: 23/30 MP: 4/8
  1829 | D:3      | Learned a level 3 spell: Conjure Flame
  1834 | D:3      | Learned a level 4 spell: Sticky Flame
  2063 | D:3      | Slain by a gnoll

Levels and vault maps discovered:
D:1:      saegor_arrival_simple_d, layout_loops_ring, serial_park_tiny_pond
D:2:      layout_loops_corners, serial_forest, infiniplex_forest_end_1,
          infiniplex_forest_lined_3_way, infiniplex_forest_end_1,
          infiniplex_forest_clump_tiny, infiniplex_forest_corner_2,
          infiniplex_forest_straight_2, infiniplex_forest_end_3,
          infiniplex_forest_clump_long, infiniplex_forest_corner_1
D:3:      layout_rooms, grunt_temple_overflow_cloverleaf, first_ration,
          roderic_serpentine_path, minivault_19, st_stairs_4

Skill      XL: |  1  2  3  4 |
---------------+-------------+-----
Fire Magic     | 3 |  3.7
Conjurations   | 2 |  2.8
Spellcasting   | 3 |  3.1
Dodging        | |  1.7
Stealth        | |  1.7

Action                   |  1- 3 |  4- 6 || total
-------------------------+-------+-------++-------
Melee: Unarmed           |    18 |       ||    18
       Dagger            |    17 |    10 ||    27
       Headbutt          |       |     2 ||     2
 Cast: Flame Tongue      |    66 |    46 ||   112
  Eat: Chunk             |     1 |     3 ||     4
Armor: Robe              |     9 |     4 ||    13
Dodge: Dodged            |    51 |    22 ||    73
Block: Other             |       |     9 ||     9

Table legend:
 A = Non-vault XP
 B = Vault XP
 C = Vault XP percentage of total XP
 D = Non-vault monster count
 E = Vault monster count
 F = Vault count percentage of total count
                 A         B        C        D         E       F
            +---------+---------+-------+---------+---------+-------
      Total |     186 |       3 |   1.6 |      61 |       2 |   3.2
            +---------+---------+-------+---------+---------+-------
        D:1 |      44 |       0 |   0.0 |      28 |       0 |   0.0
        D:2 |      72 |       0 |   0.0 |      21 |       0 |   0.0
        D:3 |      70 |       3 |   4.1 |      12 |       2 |  14.3
            +---------+---------+-------+---------+---------+-------
